 Dungeon Crawl Stone Soup version 0.31-a0-256-g80acddb972 (webtiles) character file.

Game seed: 7411355175636060588

405 Morbidden the Changeling (level 6, -1/46 HPs)
             Began as a Demonspawn Shapeshifter on July 13, 2023.
             Slain by a gnoll
             ... wielding a +0 halberd
             ... led by a gnoll bouda
              (6 damage)
             ... on level 5 of the Dungeon.
             The game lasted 00:06:40 (3756 turns).

Morbidden the Changeling (Demonspawn Shapeshifter)  Turns: 3756, Time: 00:06:41

Health: -1/46      AC:  2    Str: 15 (16) XL:     6   Next: 56%
Magic:  0/9        EV: 12    Int: 10 (13) God:
Gold:   254        SH:  0    Dex: 12 (13) Spells: 7/9 levels left

rFire   . .          .
                       - Unarmed
rCold   . . .        (no shield)
rNeg    . . .        a - +0 animal skin
rPois   .            (helmet currently unavailable)
rElec   .            (cloak currently unavailable)
rCorr   .            (gloves currently unavailable)
SInv    .            (boots currently unavailable)
Will    .....        i - amulet of magic regeneration
Stlth   +            (no ring)
HPRegen 0.27/turn    (no ring)
MPRegen 0.62/turn

%: guardian spirit
@: beast-form, weakened, very slightly contaminated
A: beast (slay +2), magic shield, magic regeneration, demonic magic 1, weakness
stinger 1, clever 1, evolution 1
a: no special abilities


You were on level 5 of the Dungeon.
You were a hulking beast.
You visited 1 branch of the dungeon, and saw 5 of its levels.

You collected 254 gold pieces.

Inventory:

Missiles
 b - a boomerang
 j - 6 poisoned darts
Armour
 a - a +0 animal skin (worn)
Jewellery
 i - an amulet of magic regeneration (around neck)
Talismans
 c - a beast talisman
 u - a blade talisman
Scrolls
 d - a scroll of vulnerability
 f - a scroll of identify
 g - a scroll of noise {unknown}
 h - 2 scrolls of revelation
 k - a scroll of fog
 l - a scroll of silence {unknown}
 m - a scroll of teleportation
 r - a scroll of immolation {unknown}
 t - a scroll of enchant weapon {unknown}
 x - a scroll of amnesia {unknown}
Potions
 n - 2 potions of curing
 s - a potion of invisibility


   Skills:
 * Level 2.6 Fighting
 + Level 0.2 Throwing
 * Level 2.2 Armour
 * Level 2.4 Dodging
 + Level 0.7 Stealth
 + Level 3.2 Unarmed Combat
 * Level 2.1 Spellcasting
 * Level 1.5 Necromancy
 * Level 3.5 Shapeshifting


You had 7 spell levels left.
You knew the following spells:

 Your Spells              Type           Power      Damage    Failure   Level
a - Necrotise             Necr           16%        1d4       16%         1
q - Apportation           Tloc           2%         N/A       30%         1

Your spell library contained the following spells:

 Spells                   Type           Power      Damage    Failure   Level
 Summon Small Mammal      Summ           4%         N/A       30%         1


Dungeon Overview and Level Annotations

Branches:
Dungeon (5/15)
 Temple: D:4-7

Altars:
Wu Jian
Yredelemnul

Annotations:
D:1 1 transporter
D:4 Blork the orc, Edmund


Innate Abilities, Weirdness & Mutations

You are a hulking beast.
Your limbs bulge with bestial killing power. (Slay +2)
When hurt, damage is shared between your health and your magic reserves.
You regenerate magic rapidly.
Spells you cast may paralyse adjacent enemies.
You have a small tail.
Your mind is acute. (Int +4, Str/Dex -1)
You have hidden genetic potential.


Message History

The gnoll bouda barely misses you.
You hit the gnoll bouda.
The gnoll bouda is almost dead.
The gnoll bouda hits you with a +0 whip.
You closely miss the gnoll bouda.
The gnoll bouda is almost dead.
The gnoll bouda prays to its god.
The gnoll bouda is healed somewhat.
You barely miss the gnoll bouda. You punch the gnoll bouda.
The gnoll bouda is severely wounded.
The gnoll bouda prays to its god.
The gnoll bouda is healed somewhat.
A gnoll comes into view. It is wielding a +0 halberd.
The gnoll shouts!
You hit the gnoll bouda. You punch the gnoll bouda.
The gnoll bouda is almost dead.
You hear a shout!
The gnoll bouda hits you with a +0 whip!
* * * LOW HITPOINT WARNING * * *
You hit the gnoll bouda but do no damage.
The gnoll bouda is almost dead.
The gnoll bouda gazes fiercely through you!
You feel as though you will be weak longer.
The gnoll bouda hits you with a +0 whip.
* * * LOW HITPOINT WARNING * * *
The gnoll throws a throwing net.
The throwing net barely misses you.
Unknown command.
Casting: Necrotise (safe; 16% risk of failure)
Confirm with . or Enter, or press ? or * to list all spells.
Aiming: Necrotise (safe; 16% risk of failure)
Press: ? - help, Shift-Dir - straight line, f/p - gnoll bouda
Aim: a gnoll bouda, wielding a +0 whip and wearing a +0 leather armour (almost dead, chance to affect: 48%)
You miscast Necrotise.
You are very lightly contaminated with residual magic.
Nothing appears to happen.
The gnoll bouda misses you.
You hit the gnoll bouda but do no damage.
The gnoll bouda is almost dead.
The gnoll bouda closely misses you.
The gnoll hits you from afar with a +0 halberd!
You die...

.....#.# #..##.# #
.......######..##.#
#...<.............# #
#....######...#.###.#
#....#..........###.#
..####.#.#######....#
#..# # #g...# ##[.#
#.)..# # #.#
######h...# # .#
#....g....# # #
#.####(..## #####


You could see a gnoll bouda and a gnoll.

Vanquished Creatures
  A scorpion (D:3)
  A howler monkey (D:4)
  2 hounds
  A jelly (D:4)
  A sleepcap (D:5)
  Jessica (D:3)
  2 orc wizards
  A gnoll (D:5)
  4 adders
  2 dart slugs
  7 orcs
  6 ball pythons
  10 endoplasms
  2 giant cockroaches
  5 goblins
  3 hobgoblins
  A quokka (D:1)
  2 bats
  7 kobolds
  5 rats
64 creatures vanquished.

Vanquished Creatures (others)
  An orc (D:4)
1 creature vanquished.

Grand Total: 65 creatures vanquished

Notes
Turn   | Place    | Note
-------+----------+-------------------------------------------
     0 | D:1      | Morbidden the Demonspawn Shapeshifter began the quest for
                  | the Orb.
     0 | D:1      | Reached XP level 1. HP: 16/16 MP: 1/1
    84 | D:1      | Gained mutation: You regenerate magic rapidly. [demonic
                  | ancestry]
    84 | D:1      | Reached XP level 2. HP: 22/22 MP: 2/2
   299 | D:1      | Learned a level 1 spell: Apportation
  1224 | D:2      | Gained mutation: When hurt, damage is shared between your
                  | health and your magic reserves. [demonic ancestry]
  1224 | D:2      | Reached XP level 3. HP: 27/27 MP: 3/3
  1330 | D:2      | Reached skill level 1 in Spellcasting
  1437 | D:2      | Reached skill level 1 in Armour
  1691 | D:3      | Learned a level 1 spell: Necrotise
  1712 | D:3      | Noticed an angel
  1945 | D:3      | Noticed a scorpion
  1955 | D:3      | Killed a scorpion
  1956 | D:3      | Reached skill level 1 in Necromancy
  1956 | D:3      | Gained mutation: Spells you cast may paralyse adjacent
                  | enemies. [demonic ancestry]
  1956 | D:3      | Reached XP level 4. HP: 30/33 MP: 5/5
  2083 | D:3      | Noticed Jessica
  2092 | D:3      | Killed Jessica
  2093 | D:3      | Gained mutation: You have a small tail. [demonic ancestry]
  2093 | D:3      | Reached XP level 5. HP: 38/38 MP: 5/7
  2552 | D:3      | Found an ornate altar of the Wu Jian Council.
  2656 | D:4      | Noticed Edmund
  2852 | D:4      | Noticed an ogre
  3013 | D:4      | Noticed Blork the orc
  3223 | D:4      | Found a basalt altar of Yredelemnul.
  3250 | D:5      | Entered Level 5 of the Dungeon
  3283 | D:5      | Reached XP level 6. HP: 41/46 MP: 8/8
  3391 | D:4      | Gained mutation: Your mind is acute. (Int +4, Str/Dex -1)
                  | [potion of mutation]
  3391 | D:4      | Gained mutation: You have hidden genetic potential. [potion
                  | of mutation]
  3596 | D:5      | HP: 1/46 [sleepcap (14)]
  3756 | D:5      | Slain by a gnoll

Illustrated notes

Levels and vault maps discovered:
D:1:      spicycebolla_arrival_risky_transporter, layout_basic
D:2:      minmay_evil_eye, layout_loops_corners
D:3:      layout_loops_ring, zin_angel, nicolae_wu_jian_immortal_techniques,
          chequers_serial_rivers_room_b, uniq_jessica
D:4:      layout_basic, mainiacjoe_overflow_swirl, amethyst_killhole,
          uniq_edmund, uniq_blork_the_orc
D:5:      layout_basic, serial_shops, nicolae_shop_back_alley_shop,
          minmay_ogre_servants

Skill      XL: |  1  2  3  4  5  6 |
---------------+-------------------+-----
Shapeshifting  | 3 |  3.5
Spellcasting   | 1 2 |  2.1
Armour         | 1 2 |  2.2
Dodging        | 2 |  2.4
Unarmed Combat | 2 3 |  3.2
Necromancy     | 1 |  1.5
Fighting       | |  2.6
Throwing       | |  0.2
Stealth        | |  0.7

Action                     |  1- 3 |  4- 6 || total
---------------------------+-------+-------++-------
  Melee: Unarmed           |   109 |   136 ||   245
         Punch             |     2 |     6 ||     8
         Tailslap          |       |    16 ||    16
  Throw: Dart              |       |    14 ||    14
         Stone             |       |     2 ||     2
   Cast: Necrotise         |       |    15 ||    15
    Use: Potion            |     1 |     8 ||     9
         Scroll            |       |     5 ||     5
   Stab: Sleeping          |     1 |       ||     1
         Paralysed         |       |     2 ||     2
         Invisible         |       |     1 ||     1
 Armour: Animal skin       |    17 |    15 ||    32
         Skin              |     3 |    26 ||    29
  Dodge: Dodged            |    58 |    56 ||   114

Table legend: (Time is in decaauts)
 A = Elapsed time spent in this place.
 B = Non-inter-level travel time spent in this place.
 C = Inter-level travel time spent in this place.
 D = Time resting spent in this place.
 E = Time spent auto-exploring this place.
 F = Levels seen in this place.
 G = Mean time per level.
                   A        B        C        D        E       F      G
               +--------+--------+--------+--------+--------+-----+--------+
         Total |   3748 |   3583 |    165 |    551 |   2251 |   5 |  749.6 |
       Dungeon |   3748 |   3583 |    165 |    551 |   2251 |   5 |  749.6 |
               +--------+--------+--------+--------+--------+-----+--------+

Top non-repeatable levels by time:
     D:2: 1031 daAuts
     D:3: 1021 daAuts
     D:4: 778 daAuts
     D:1: 653 daAuts
     D:5: 263 daAuts
